 Dungeon Crawl Stone Soup version 0.20.0 (webtiles) character file.

77 Eucla the Slasher (level 4, 0/36 HPs)
             Began as a Barachi Berserker on May 28, 2017.
             Was a Follower of Trog.
             Killed from afar by Natasha (2 damage)
             ... with a magic dart
             ... on level 2 of the Dungeon.
             The game lasted 00:02:24 (1031 turns).

Eucla the Slasher (Barachi Berserker)               Turns: 1031, Time: 00:02:25

Health: 0/36       AC:  8    Str: 18    XL:     4   Next: 34%
Magic:  4/4        EV:  8    Int:  7    God:    Trog [*.....]
Gold:   81         SH:  0    Dex: 13    Spells: 3/3 levels left

rFire    . . .     SeeInvis .   a - +0 falchion
rCold    . . .     Gourm    .   (no shield)
rNeg     . . .     Faith    .   e - +0 chain mail
rPois    .         Spirit   .   (no helmet)
rElec    .         Reflect  .   (no cloak)
rCorr    .         Harm     .   (no gloves)
MR       .....                  (no boots)
Stlth    ..........             (no amulet)
Regen    0.2/turn               (no ring)
MPRegen  0.1/turn               (no ring)

@: slow
A: +LOS, swims, slowness 1, strong legs 1
a: Hop, Berserk, Burn Spellbooks, Renounce Religion


You were on level 2 of the Dungeon.
You worshipped Trog.
Trog was aware of your devotion.
You were not hungry.

You visited 1 branch of the dungeon, and saw 2 of its levels.

You collected 81 gold pieces.

Inventory:

Hand Weapons
 a - a +0 falchion (weapon)
Armour
 b - a +0 animal skin
 e - a +0 chain mail (worn)
Scrolls
 g - 2 scrolls of remove curse {unknown}
 h - a scroll of fear {unknown}
 m - 2 scrolls of identify {unknown}
Potions
 d - a potion of agility {unknown}
 f - a potion of brilliance {unknown}
 i - a potion of curing {unknown}
 j - a potion of magic {unknown}
 l - 2 potions of degeneration {unknown}
 o - 3 potions of lignification {unknown}
 p - a potion of haste {unknown}
Comestibles
 c - a bread ration
 k - a meat ration
 n - 3 fruits


   Skills:
 - Level 3.6 Fighting
 + Level 6.1 Long Blades
 - Level 2.4 Armour
 - Level 2.1 Dodging


You had 3 spell levels left.
You didn't know any spells.

Dungeon Overview and Level Annotations

Branches:
Dungeon (2/15)

Altars:
Dithmenos

Annotations:
D:2 Natasha


Innate Abilities, Weirdness & Mutations

Shadows flee at your approach. (+LOS)
You can swim through water.
You cover ground slowly.
You can hop short distances.


Message History

Natasha claws you but does no damage.
Unknown command.
Your chain mail prevents you from hitting Natasha.
Natasha is heavily wounded.
Natasha claws you.
* * * LOW HITPOINT WARNING * * *
Unknown command.
Your chain mail prevents you from hitting Natasha.
Natasha is heavily wounded.
Natasha claws you.
* * * LOW HITPOINT WARNING * * *
Unknown command.
Your chain mail prevents you from hitting Natasha.
Natasha is heavily wounded.
Natasha barely misses you.
You hit Natasha but do no damage.
Natasha is heavily wounded.
Natasha casts a spell at you. The magic dart hits you!
You die...

### ####### ..# #.....### #.#
#####..#..... #.# #.....###....
#.# #.##..###..##
##.######.#########.###..#..###
...............##....##.....##.
.....#.#..##.#.##..............
## .. ##.##.#@##..##.........#
## ##.#..h...####..._...##
#....#...##.........#
#.#...................
..##........[##.....##.
+.(....#...#.###..#..###
+..##.###..#.##..###..## +. #.#
#..#.....###.... # #.#
#.........#.†#.#


You could see Natasha.

Vanquished Creatures
  Natasha (D:2)
  3 adders (D:2)
  A dart slug (D:1)
  2 leopard geckos
  4 bats
  2 hobgoblins (D:1)
  4 frilled lizards
  A goblin (D:1)
  6 kobolds
  5 rats
29 creatures vanquished.

Vanquished Creatures (others)
  4 toadstools (D:2)
4 creatures vanquished.

Grand Total: 33 creatures vanquished

Notes
Turn   | Place    | Note
-------+----------+-------------------------------------------
     0 | D:1      | Eucla the Barachi Berserker began the quest for the Orb.
     0 | D:1      | Reached XP level 1. HP: 18/18 MP: 1/1
   156 | D:1      | Reached skill level 4 in Long Blades
   177 | D:1      | Reached XP level 2. HP: 11/24 MP: 2/2
   813 | D:2      | Reached skill level 5 in Long Blades
   813 | D:2      | Reached XP level 3. HP: 26/29 MP: 3/3
   893 | D:2      | Found a shadowy altar of Dithmenos.
   973 | D:2      | Noticed Natasha
   982 | D:2      | Killed Natasha
   982 | D:2      | Reached skill level 6 in Long Blades
   982 | D:2      | Reached XP level 4. HP: 10/36 MP: 4/4
  1022 | D:2      | Noticed Natasha
  1031 | D:2      | Killed from afar by Natasha

Skill      XL: |  1  2  3 |
---------------+----------+-----
Long Blades    | 4 5 6 |  6.1
Fighting       | |  3.6
Armour         | |  2.4
Dodging        | |  2.1

Action                   |  1- 3 |  4- 6 || total
-------------------------+-------+-------++-------
Melee: Falchion          |   100 |     8 ||   108
Invok: Berserk           |     1 |       ||     1
 Abil: Hop               |     1 |       ||     1
  Eat: Chunk             |       |     2 ||     2
Armor: Animal skin       |     4 |       ||     4
       Chain mail        |    49 |     2 ||    51
Dodge: Dodged            |    63 |     2 ||    65
       Rpst.: Falchion   |    16 |     1 ||    17
